 Dungeon Crawl Stone Soup version 0.28.0-53-g5a82cb258f (webtiles) character file.

Game seed: 9934562523734694576

20940 mcbry74 the Grappler (level 12, -6/104 HPs)
             Began as a Troll Fighter on June 26, 2022.
             Was a High Priest of Okawaru.
             Mangled by a komodo dragon (23 damage)
             ... on level 1 of the Lair of Beasts.
             The game lasted 01:01:09 (10257 turns).

mcbry74 the Grappler (Troll Fighter)               Turns: 10257, Time: 01:01:10

Health: -6/104     AC:  9    Str: 31    XL:     12   Next: 49%
Magic:  22/22      EV: 11    Int:  3    God:    Okawaru [*****.]
Gold:   1021       SH:  0    Dex: 13    Spells: 11/11 levels left

rFire   + + .      SeeInvis .   m - +10 quarterstaff "Muukeefa" {flame, rElec rF+ Str+2}
rCold   + . .      Faith    +   (shield currently unavailable)
rNeg    . . .      Spirit   .   O - +0 troll leather armour
rPois   +          Reflect  .   T - +2 hat "Rainemehi" {Str+2 Dex+4}
rElec   +          Harm     .   (no cloak)
rCorr   .          Rampage  .   (gloves unavailable)
Will    .....                   (boots unavailable)
Stlth   +.........              y - amulet of faith
HPRegen 1.87/turn               A - ring of Xozuhycri {Fly rF+ rC+ MP+9 Int-5}
MPRegen 0.18/turn               z - ring of poison resistance

@: flying, studying Armour
A: large, unfitting armour, claws 3, regeneration 1, shaggy fur 1, tough skin 1
a: Renounce Religion, Heroism, Finesse, Duel


You were on level 1 of the Lair of Beasts.
You worshipped Okawaru.
Okawaru was extremely pleased with you.
You visited 4 branches of the dungeon, and saw 13 of its levels.
You also visited: Sewer.

You collected 1021 gold pieces.

Inventory:

Hand Weapons
 m - the +10 quarterstaff "Muukeefa" (weapon) {flame, rElec rF+ Str+2}
   (Okawaru gifted it to you on level 1 of the Lair of Beasts)

   It burns those it strikes, dealing additional fire damage.
   Str:       It affects your strength (+2).
   rF:        It protects you from fire.
   rElec:     It insulates you from electricity.
 W - a +1 vorpal giant spiked club
Missiles
 f - 13 boomerangs
 g - 411 stones
 t - 6 poisoned darts
 x - 3 atropa-tipped darts
 V - 3 boomerangs of dispersal
 Y - 4 large rocks (quivered)
Armour
 b - a +0 kite shield
 I - a +2 robe of cold resistance
 K - a +2 robe of positive energy
 O - a +0 troll leather armour (worn)
 T - the +2 hat "Rainemehi" (worn) {Str+2 Dex+4}
   (Okawaru gifted it to you on level 10 of the Dungeon)

   Str:       It affects your strength (+2).
   Dex:       It affects your dexterity (+4).
Jewellery
 a - a ring of positive energy
 h - a ring of see invisible
 y - an amulet of faith (around neck)
 z - a ring of poison resistance (right claw)
 A - the ring of Xozuhycri (left claw) {Fly rF+ rC+ MP+9 Int-5}
   (You found it on level 6 of the Dungeon)

   [ring of magical power]

   Int:       It affects your intelligence (-5).
   rF:        It protects you from fire.
   rC:        It protects you from cold.
   MP:        It affects your magic capacity (+9).
   Fly:       It grants you flight.
 B - a ring of fire
 C - a +6 ring of strength
 J - a +4 ring of protection
Wands
 o - a wand of flame (43)
 L - a wand of acid (6)
Scrolls
 d - a scroll of holy word
 k - 3 scrolls of silence
 l - a scroll of torment {unknown}
 s - 2 scrolls of fog
 v - a scroll of fear
 w - 4 scrolls of teleportation
 S - a scroll of magic mapping {unknown}
Potions
 c - 2 potions of might
 e - 7 potions of brilliance
 i - 4 potions of curing
 j - a potion of haste
 n - 3 potions of lignification
 p - 3 potions of attraction {unknown}
 r - a potion of experience {unknown}
 D - 2 potions of berserk rage {unknown}
 E - 2 potions of heal wounds
 F - 2 potions of flight {unknown}
 M - 3 potions of cancellation {unknown}
 P - 2 potions of resistance {unknown}
Miscellaneous
 Q - a tin of tremorstones (2/2)


   Skills:
 - Level 2.4 Fighting
 - Level 10.4(10.5) Maces & Flails
 + Level 1.4(6.2) Staves
 - Level 7.4 Throwing
 - Level 6.6 Armour
 - Level 4.2 Dodging
 - Level 4.2 Shields
 - Level 12.2 Unarmed Combat
 - Level 3.5 Invocations
 - Level 2.9 Evocations


You had 11 spell levels left.
You didn't know any spells.
Your spell library contained the following spells:

 Spells                   Type           Power      Damage    Failure   Level
 Shock                    Conj/Air       0%         1d3       56%         1
 Slow                     Hex            0%         N/A       56%         1
 Sublimation of Blood     Necr           0%         N/A       71%         2
 Confusing Touch          Hex            0%         N/A       90%         3
 Inner Flame              Hex/Fire       0%         N/A       90%         3
 Ozocubu's Armour         Ice            0%         N/A       90%         3
 Portal Projectile        Hex/Tloc       0%         N/A       90%         3
 Swiftness                Air            0%         N/A       90%         3
 Vampiric Draining        Necr           0%         2d6       90%         3
 Airstrike                Air            0%         N/A       100%        4
 Cause Fear               Hex            0%         N/A       100%        4
 Leda's Liquefaction      Hex/Erth       0%         N/A       100%        4
 Petrify                  Tmut/Erth      0%         N/A       100%        4
 Fireball                 Conj/Fire      0%         3d3       100%        5
 Irradiate                Conj/Tmut      0%         3d13      100%        5
 Starburst                Conj/Fire      0%         6d3       100%        6
 Ozocubu's Refrigeration  Ice            0%         4d5       100%        7
 Discord                  Hex            0%         N/A       100%        8
 Ignition                 Fire           0%         3d3       100%        8
 Call Canine Familiar     Summ           Unusable   N/A       N/A         3

Dungeon Overview and Level Annotations

Branches:
Dungeon (10/15)            Temple (1/1) D:4            Lair (1/6) D:9
    Orc (1/2) D:10          Sewer (visited)

Altars:
Elyvilon
Hepliaklqana
Okawaru
Qazlal
Trog
Wu Jian
Xom
The Shining One

Shops:
D:7 [

Annotations:
D:9 1 runed translucent door, nonnadibruder's ghost, novice MiBe


Innate Abilities, Weirdness & Mutations

You are too large for most types of armour.
You have claws for hands.
Your natural rate of healing is unusually fast.
You are covered in fur. (AC +1)
You have tough skin. (AC +1)


Message History

Okawaru accepts your kill.
You see here a bullfrog corpse.
A komodo dragon comes into view.
Found a stone staircase leading down.
The komodo dragon hisses angrily.
A cane toad comes into view. x2
You closely miss the cane toad.
The cane toad stings you but does no damage.
You barely miss the cane toad.
The cane toad gives a loud, deep croak!
The cane toad stings you.
You hit the cane toad. You burn the cane toad.
The cane toad is lightly wounded.
The komodo dragon bites you!! The cane toad stings you!!
You hit the cane toad. You burn the cane toad.
The cane toad is moderately wounded.
The cane toad stings you. The cane toad barely misses you.
The komodo dragon bites you. The cane toad closely misses you.
The cane toad stings you. The cane toad barely misses you.
The cane toad misses you.
You barely miss the komodo dragon. The komodo dragon bites you.
You sock the komodo dragon! You burn the komodo dragon.
The komodo dragon is moderately wounded.
The komodo dragon bites you.
You hit the komodo dragon. You burn the komodo dragon.
The komodo dragon is heavily wounded.
The komodo dragon bites you!
You hit the komodo dragon. You burn the komodo dragon.
The komodo dragon is heavily wounded.
The komodo dragon hisses menacingly.
The komodo dragon bites you!!
You sock the komodo dragon! You burn the komodo dragon.
The komodo dragon is almost dead.
The komodo dragon bites you!!
* * * LOW HITPOINT WARNING * * *
You closely miss the komodo dragon.
The komodo dragon is almost dead.
The komodo dragon bites you!!
You die...

.....#...##....
.............#
##.....P# ..
#......##
....#...#.##
........###
#...###F## ####
#..### #.##@# .
#.Fl## . #..F#
.### #...# ...
#.### ..####
#.# .....###
#.# #......##
#.## #....#..#
#..##


You could see a komodo dragon and 2 cane toads.

Vanquished Creatures
  An orc warlord (Orc:1)
  A centaur warrior (D:8)
  2 two-headed ogres (D:10)
  The ghost of SHADDY the Severer, a novice DDFi of Ru (D:7)
  The ghost of Weresquid the Protected, a journeyman GrGl of the Shining One (D:8)
  4 skeletal warriors (D:8)
  An orc knight (Orc:1)
  Pikel (D:7)
  A cyclops (Orc:1)
  A gargoyle (D:10)
  2 cane toads (Lair:1)
  A komodo dragon (Lair:1)
  A rime drake (D:9)
  4 trolls
  5 blink frogs (Lair:1)
  A wraith (D:10)
  10 yaks
  3 steam dragons
  2 vampire mosquitoes (D:8)
  An acid dragon (D:7)
  7 water moccasins
  20 orc warriors
  2 sky beasts (D:5)
  5 black bears
  4 ice beasts
  6 wolves (Lair:1)
  A necrophage (D:5)
  6 ogres
  2 phantoms
  7 centaurs
  A kobold brigand (D:8)
  3 bullfrogs
  2 gnoll sergeants (D:10)
  3 scorpions
  A wyvern skeleton (D:5)
  A water moccasin zombie (D:5)
  3 howler monkeys
  7 killer bees
  9 wights
  A centaur zombie (D:8)
  A bullfrog skeleton (D:5)
  2 gnoll shamans
  7 orc priests
  4 hounds
  2 jellies
  A wyvern simulacrum (D:7)
  2 iguanas
  Natasha (thrice) (D:2)
  5 hell rats
  14 orc wizards
  A killer bee simulacrum (D:7)
  A howler monkey zombie (D:8)
  16 gnolls
  5 adders
  A shadow imp (D:5)
  4 white imps
  An adder skeleton (D:4)
  A worm (D:3)
  5 dart slugs
  31 orcs
  8 bats
  3 endoplasms
  8 giant cockroaches
  9 hobgoblins
  4 quokkas
  4 ball pythons
  6 frilled lizards
  9 goblins
  A jackal skeleton (D:4)
  12 kobolds
  4 rats
310 creatures vanquished.

Vanquished Creatures (others)
  A bush (D:5)
  8 fungi
  6 plants
15 creatures vanquished.

Grand Total: 325 creatures vanquished

Notes
Turn   | Place    | Note
-------+----------+-------------------------------------------
     0 | D:1      | mcbry74 the Troll Fighter began the quest for the Orb.
     0 | D:1      | Reached XP level 1. HP: 22/22 MP: 0/0
   148 | D:1      | Reached XP level 2. HP: 29/29 MP: 1/1
   215 | D:1      | Reached skill level 3 in Unarmed Combat
   568 | D:1      | Reached XP level 3. HP: 36/36 MP: 2/2
   759 | D:2      | Noticed Natasha
   769 | D:2      | Killed Natasha
   770 | D:2      | Reached skill level 4 in Unarmed Combat
   820 | D:2      | Found a shimmering altar of Xom.
   873 | D:2      | Reached XP level 4. HP: 44/44 MP: 3/3
  1049 | D:2      | Noticed Natasha
  1058 | D:2      | Killed Natasha
  1141 | D:2      | Noticed Natasha
  1147 | D:2      | Killed Natasha
  1148 | D:2      | Reached skill level 5 in Unarmed Combat
  1243 | D:3      | Noticed a scorpion
  1251 | D:3      | Killed a scorpion
  1252 | D:3      | Reached XP level 5. HP: 50/50 MP: 4/4
  1277 | D:3      | Reached skill level 6 in Unarmed Combat
  1375 | D:3      | Found a faded altar of an unknown god.
  1409 | D:3      | Reached XP level 6. HP: 47/59 MP: 5/5
  1578 | D:3      | Noticed an ice beast
  1605 | D:3      | HP: 2/59 [ice beast (12)]
  1616 | D:3      | Killed an ice beast
  1617 | D:3      | Reached skill level 7 in Unarmed Combat
  1835 | D:4      | Identified a scroll of acquirement
  1835 | D:4      | Acquired a manual of Armour
  1870 | D:4      | Found a staircase to the Ecumenical Temple.
  1893 | Temple   | Entered the Ecumenical Temple
  1934 | Temple   | Became a worshipper of Warmaster Okawaru
  1995 | D:4      | Found a glowing drain.
  2002 | D:4      | Reached XP level 7. HP: 66/66 MP: 6/6
  2006 | Sewer    | Entered a sewer
  2054 | Sewer    | Reached skill level 8 in Unarmed Combat
  2550 | D:5      | Entered Level 5 of the Dungeon
  2675 | D:5      | Reached * piety under Okawaru
  2716 | D:5      | Reached skill level 9 in Unarmed Combat
  3051 | D:5      | Reached skill level 1 in Throwing
  3051 | D:5      | Reached XP level 8. HP: 74/74 MP: 7/7
  3268 | D:5      | Found a white marble altar of Elyvilon.
  3277 | D:5      | Reached skill level 10 in Unarmed Combat
  3514 | D:5      | Reached ** piety under Okawaru
  3857 | D:6      | Reached skill level 11 in Unarmed Combat
  3920 | D:6      | Reached XP level 9. HP: 80/80 MP: 8/8
  4112 | D:6      | Reached *** piety under Okawaru
  4351 | D:6      | Identified the ring of Xozuhycri {Fly rF+ rC+ MP+9 Int-5}
  4514 | D:7      | Found a runed translucent gate.
  4514 | D:7      | Found a runed translucent gate.
  4514 | D:7      | Found a runed translucent gate.
  4643 | D:7      | Noticed SHADDY's ghost (novice DDFi)
  4671 | D:7      | Killed SHADDY's ghost
  4672 | D:7      | Reached skill level 5 in Throwing
  4672 | D:7      | Reached skill level 12 in Unarmed Combat
  4934 | D:7      | Reached **** piety under Okawaru
  4977 | D:7      | Found Xiwkazesh's Armour Shoppe.
  5048 | D:7      | Reached skill level 1 in Armour
  5139 | D:7      | Reached skill level 1 in Maces & Flails
  5139 | D:7      | Reached skill level 1 in Invocations
  5201 | D:7      | Noticed Pikel
  5213 | D:7      | Killed Pikel
  5214 | D:7      | Reached skill level 1 in Evocations
  5214 | D:7      | Reached XP level 10. HP: 45/88 MP: 8/10
  5716 | D:8      | Noticed Weresquid's ghost (journeyman GrGl)
  5718 | D:8      | Found a runed translucent gate.
  5718 | D:8      | Noticed a centaur warrior
  5719 | D:8      | Found a runed translucent gate.
  5720 | D:8      | Found a runed translucent gate.
  5754 | D:8      | Reached ***** piety under Okawaru
  6378 | D:8      | Noticed a skeletal warrior
  6380 | D:8      | Noticed a skeletal warrior
  6385 | D:8      | Noticed a skeletal warrior
  6385 | D:8      | Noticed a skeletal warrior
  6594 | D:8      | Killed a skeletal warrior
  6661 | D:8      | Killed a skeletal warrior
  6661 | D:8      | Identified the +5 great sword "Backscratcher" {vorpal,
                  | +Blink Int+3} (Okawaru gifted it to you on level 8 of the
                  | Dungeon)
  6661 | D:8      | Received a gift from Okawaru
  6673 | D:8      | Killed a skeletal warrior
  6680 | D:8      | Killed a skeletal warrior
  6681 | D:8      | Reached XP level 11. HP: 77/94 MP: 4/12
  6968 | D:8      | Killed Weresquid's ghost
  6992 | D:8      | Killed a centaur warrior
  6992 | D:8      | Received a gift from Okawaru
  7194 | D:9      | Found a runed translucent door.
  7196 | D:9      | Noticed nonnadibruder's ghost (novice MiBe)
  7197 | D:9      | Identified the +8 trident "Latisen" {antimagic, Fragile rF+
                  | rN+ rCorr Str+2}
  7459 | D:9      | Reached skill level 5 in Maces & Flails
  7512 | D:9      | Found a staircase to the Lair.
  7516 | D:9      | Reached skill level 5 in Armour
  7760 | D:10     | Entered Level 10 of the Dungeon
  7760 | D:10     | Noticed a two-headed ogre
  7766 | D:10     | Killed a two-headed ogre
  8075 | D:10     | Identified the +2 hat "Rainemehi" {Str+2 Dex+4} (Okawaru
                  | gifted it to you on level 10 of the Dungeon)
  8075 | D:10     | Received a gift from Okawaru
  8148 | D:10     | Noticed a two-headed ogre
  8180 | D:10     | Killed a two-headed ogre
  8415 | D:10     | Found a staircase to the Orcish Mines.
  8769 | Orc:1    | Entered Level 1 of the Orcish Mines
  9285 | Orc:1    | Reached XP level 12. HP: 83/104 MP: 13/13
  9318 | Orc:1    | Noticed an orc warlord
  9333 | Orc:1    | Killed an orc warlord
  9743 | Lair:1   | Entered Level 1 of the Lair of Beasts
  9839 | Lair:1   | Received a gift from Okawaru
 10004 | Lair:1   | Reached skill level 10 in Maces & Flails
 10028 | Lair:1   | Identified the +10 quarterstaff "Muukeefa" {flame, rElec
                  | rF+ Str+2} (Okawaru gifted it to you on level 1 of the Lair
                  | of Beasts)
 10028 | Lair:1   | Received a gift from Okawaru
 10189 | Lair:1   | Reached skill level 1 in Staves
 10257 | Lair:1   | Mangled by a komodo dragon

Illustrated notes

Levels and vault maps discovered:
D:1:      beargit_arrival_greenhouse, layout_loops_ring, minmay_tromino_v4_b
D:2:      layout_rooms, basic_altar, minmay_misc_feat_diagonals,
          palyth_stone_intersect, uniq_natasha
D:3:      layout_rooms, nicolae_overflow_hidden_temple,
          ebering_ecumenical_altar_petrified
D:4:      layout_cave_pools, temple_statues, gup_sewer_entry_pipe
D:5:      minmay_recursive_quarters, layout_loops_cross,
          nicolae_elyvilon_peaceful_grove, chequers_serial_rivers_small_a,
          kennysheep_cross_room, roderic_serpentine_path,
          hangedman_decor_slide_cut, grunt_ministairs_6
D:6:      layout_rooms
D:7:      layout_loops_ring, serial_shops, nicolae_shop_waterfront,
          gammafunk_ghost_icy, uniq_pikel
D:8:      layout_loops_ring, gammafunk_ghost_split, kennysheep_generic_room_4
D:9:      layout_big_octagon, grunt_lair_entry_orc_guard_hut,
          ebering_ghost_funeral_grove
D:10:     layout_basic, orc_0_dummy
Temple:   mainiacjoe_temple_bowtie_tessellation
Lair:1:   layout_misc_corridors, chequers_serial_rivers_small_a
Orc:1:    layout_caves, special_room [special_room_orc]

Skill      XL: |  1  2  3  4  5  6  7  8  9 10 11 12 |
---------------+-------------------------------------+-----
Unarmed Combat | 3 4 5 6 7 9 11 12 | 12.2
Throwing       | 1 3 5 6 7 |  7.4
Armour         | 2 4 6 |  6.6
Maces & Flails | 1 4 7 10 | 10.4
Invocations    | 1 3 |  3.5
Evocations     | 1 2 |  2.9
Dodging        | 3 4 |  4.2
Shields        | 3 4 |  4.2
Staves         | 1 |  1.4
Fighting       | |  2.4

Action                   |  1- 3 |  4- 6 |  7- 9 | 10-12 || total
-------------------------+-------+-------+-------+-------++-------
Melee: Unarmed           |    69 |   141 |   229 |   500 ||   939
       Giant spiked club |       |       |       |    76 ||    76
       Quarterstaff      |       |       |       |    21 ||    21
       Punch             |       |       |       |     1 ||     1
Throw: Stone             |       |       |    25 |     9 ||    34
       Dart              |       |       |    20 |    34 ||    54
       Boomerang         |       |       |     1 |       ||     1
       Large rock        |       |       |       |     1 ||     1
Invok: Finesse           |       |       |     1 |     7 ||     8
       Heroism           |       |       |     1 |     7 ||     8
  Use: Scroll            |       |     6 |     3 |     8 ||    17
 Stab: Sleeping          |     1 |       |     1 |       ||     2
Armor: Robe              |    23 |    50 |    52 |     3 ||   128
       Acid dragon scale |       |       |       |    66 ||    66
       Troll leather arm |       |       |       |    92 ||    92
Dodge: Dodged            |    21 |    50 |    80 |   218 ||   369
Block: Kite shield       |    13 |    34 |    73 |   182 ||   302
